details: 'ANOTHER 1V2 RAPE'

« prev index next »

General information

Mini Map

Players

team 1
UndeadwOwOmFgWtF (teal | 50 APM | 415 actions | 08:22)
Hero icon 2 Demon Hunter
Ability icon 1 Immolation
Ability icon 1 Mana Burn
Hero icon 2 Lich
Ability icon 1 Frost Nova
Ability icon 1 Frost Armor

» actions
Basic commands5
Build / train41
Enter build submenu13
Enter hero's abilities submenu4
Right click152
Select / deselect174
Use ability26
415 total
» units
Wisp10
Acolyte3
Archer10
Ghoul9
32 total
» buildings
Necropolis1
Altar of Elders1
Moon Well4
Altar of Darkness1
Ziggurat2
Ancient of War1
Crypt1
Nerubian Tower1
Tree of Ages1
Halls of the Dead1
14 total
» build order
00:04 Necropolis
00:43 Altar of Elders
00:49 Moon Well
01:02 Altar of Darkness
01:26 Ziggurat
01:51 Ancient of War
02:18 Moon Well
02:26 Ziggurat
02:52 Crypt
03:05 Moon Well
03:16 Nerubian Tower
05:17 Tree of Ages
05:20 Moon Well
05:27 Halls of the Dead
HumanH3LL.Engel (orange | 57 APM | 452 actions | 07:56)
Hero icon 1 Mountain King
Ability icon 1 Storm Bolt
Hero icon 2 Death Knight
Ability icon 1 Death Coil
Ability icon 1 Unholy Aura

» actions
Assign group hotkey13
Build / train36
Enter build submenu11
Enter hero's abilities submenu3
Remove unit from queue1
Right click187
Select / deselect120
Select group hotkey57
Use ability24
452 total
» units
Peasant7
Acolyte1
Footman8
Ghoul11
27 total
» buildings
Altar of Kings1
Farm7
Barracks1
Altar of Darkness1
Ziggurat2
Crypt1
Nerubian Tower1
Keep1
Halls of the Dead1
16 total
» build order
00:30 Altar of Kings
00:32 Farm
00:56 Barracks
01:07 Altar of Darkness
01:09 Ziggurat
01:15 Farm
01:34 Crypt
01:36 Ziggurat
01:55 Farm
04:23 Nerubian Tower
05:18 Keep
06:22 Halls of the Dead
06:49 Farm
06:50 Farm
06:50 Farm
06:51 Farm
NightElfKimZim (pink | 29 APM | 4 actions | 00:08)

» actions
Right click1
Select / deselect3
4 total
UndeadHurry55699 (blue | 52 APM | 7 actions | 00:08)

» actions
Build / train2
Right click2
Select / deselect3
7 total
» units
Acolyte2
2 total
team 2
NightElfjedirambo (red | 22 APM | 3 actions | 00:08)

» actions
Right click1
Select / deselect2
3 total
Humanabc_warrior (purple | 112 APM | 942 actions | 08:24)
Hero icon 3 Archmage
Ability icon 2 Summon Water Elemental
Ability icon 1 Brilliance Aura
Hero icon 1 Far Seer
Ability icon 1 Feral Spirit
Hero icon 1 Keeper of the Grove
Ability icon 1 Entangling Roots
Hero icon 3 Priestess of the Moon
Ability icon 1 Searing Arrows
Ability icon 2 Trueshot Aura

» actions
Assign group hotkey55
Basic commands34
Build / train82
ESC pressed1
Enter build submenu41
Enter hero's abilities submenu10
Right click341
Select / deselect222
Select group hotkey93
Use ability63
942 total
» units
Peasant9
Peon6
Wisp17
Footman1
Grunt7
Rifleman5
Huntress13
Shaman1
59 total
» upgrades
Shaman Training1
Witch Doctor Training1
2 total
» buildings
Altar of Kings1
Farm6
Altar of Storms1
Orc Burrow2
Altar of Elders2
Moon Well9
Barracks3
Hunter's Hall2
Blacksmith1
Ancient of War4
Tree of Ages2
Stronghold1
Keep1
Fortress2
Spirit Lodge2
Ancient of Lore1
Ancient of Wind1
Tree of Eternity2
43 total
» build order
00:08 Altar of Kings
00:11 Farm
00:17 Altar of Storms
00:18 Orc Burrow
00:29 Altar of Elders
00:32 Moon Well
00:36 Altar of Elders
00:38 Moon Well
00:59 Barracks
01:02 Farm
01:10 Barracks
01:47 Moon Well
01:53 Barracks
02:01 Orc Burrow
02:05 Hunter's Hall
02:11 Hunter's Hall
02:25 Blacksmith
02:31 Ancient of War
02:33 Ancient of War
02:36 Ancient of War
02:36 Ancient of War
03:50 Moon Well
03:52 Tree of Ages
03:55 Stronghold
04:10 Moon Well
04:11 Moon Well
04:11 Moon Well
04:20 Farm
04:20 Farm
04:21 Farm
04:21 Farm
04:23 Keep
04:34 Tree of Ages
06:07 Moon Well
06:07 Moon Well
06:19 Fortress
06:19 Fortress
06:43 Spirit Lodge
06:44 Spirit Lodge
07:08 Ancient of Lore
07:09 Ancient of Wind
07:11 Tree of Eternity
07:11 Tree of Eternity
Random» jinisgood (yellow | 15 APM | 2 actions | 00:08)

» actions
Right click1
Select / deselect1
2 total
NightElfheroesONLY[eS] (green | 105 APM | 14 actions | 00:08)

» actions
Build / train1
Enter build submenu1
Right click3
Select / deselect7
Use ability2
14 total
» units
Wisp1
1 total
» buildings
Altar of Elders1
1 total
» build order
00:02 Altar of Elders

Chat log

(00:08 / All) H3LL.Engel: abc warrior nice zmap buddy
(00:33 / All) wOwOmFgWtF: 2v1
(00:35 / All) wOwOmFgWtF: u should leave
(00:42 / All) abc_warrior: REMEMBER EARLIER TODAY
(00:45 / All) abc_warrior: WHEN I RAPED YOU 1V2?
(00:48 / All) abc_warrior: NOW SYOUR CHANCE
(00:50 / All) abc_warrior: TO REDEEM YOURSELF
(00:55 / All) wOwOmFgWtF: O.O
(01:07 / All) wOwOmFgWtF: wow fuck you

(02:11 / All) wOwOmFgWtF: Dumbretard got baned?
(02:16 / All) abc_warrior: I TCODULNT FIND GAMES ANYOMEROPE
(02:32 / All) wOwOmFgWtF: Youre a fucking noob

(08:10 / All) wOwOmFgWtF: Lol you hack more than us
(08:12 / All) abc_warrior: BAD
(08:19 / All) wOwOmFgWtF: You have zoid hack noob